Coyotes vs Flyers

Created - December 10, 2019 at 19:45

Goals
1 2 3 T
Coyotes 0 1 1 2
Flyers 0 2 2 4
Shots
1 2 3 T
Coyotes 9 9 16 34
Flyers 12 15 11 38

1st period

No Goal

Penalties :
Tyler Ennis (Ari) for Hooking (Minor) at 8:53, J.T. Miller (Phi) for Interference (Minor) at 10:50

2nd period

1. Flyers , Marcus Kruger 11 (J.T. Miller 12, Mats Zuccarello 16) at 0:54
2. Coyotes , Michael Del Zotto 2 (Ramzi Abid 5, Jamie Arniel 5) at 15:48
3. Flyers , Jakub Voracek 11 (Drew Miller 11, Matt Smaby 8) at 17:00

Penalties :
Chris Mcallister (Phi) for Holding (Minor) at 5:16, Nick Bonino (Ari) for Slashing (Minor) at 10:00, Jeff Carter (Phi) for Holding (Minor) at 10:22

3rd period

4. Flyers , Tomas Kubalik 3 (Brock Nelson 2, Jonathan Ericsson 10) at 3:03
5. Flyers , Jakub Voracek 12 (Drew Miller 12, Jeff Carter 19) at 9:27
6. Coyotes , Brad Richards 4 (Michael Del Zotto 8) at 19:50 (PP)

Penalties :
Chris Mcallister (Phi) for Roughing (Minor) at 4:20, Matt Smaby (Phi) for Tripping (Minor) at 12:15, Calle Jarnkrok (Phi) for Roughing (Minor) at 19:38

Goalie Stats

Thomas McCollum (Ari), 34 saves from 38 shots - (0.895), L, 5-3-0, 60:00 minutes
Steve Mason (Phi), 32 saves from 34 shots - (0.941), W, 9-8-1, 60:00 minutes

Players Stats for Coyotes

Player Name              G  A  P  +/- PIM S  H  SB GA TA FO     MP     PP MP  PK MP  
------------------------------------------------------------------------------------
Andrew MacDonald         0  0  0  -1  0   0  1  1  0  0  0/0    16:04   0:18   1:47 
Anton Stralman           0  0  0  -2  0   0  0  2  1  1  0/0    20:34   0:44   0:32 
Brad Richards            1  0  1  -2  0   3  1  0  2  0  3/10   20:12   4:08   0:20 
Chris Stewart            0  0  0  -2  0   2  1  0  0  1  1/1    19:40   4:08   0:00 
Evgeny Artyukhin         0  0  0   1  0   2  0  0  0  2  0/0    12:12   0:00   0:00 
Jamie Arniel             0  1  1   1  0   4  0  0  0  1  2/7    14:07   0:00   1:59 
Kristopher Letang        0  0  0  -2  0   2  1  3  0  0  0/0    28:13   4:42   0:32 
Marian Gaborik           0  0  0  -2  0   4  3  1  0  2  2/3    23:24   3:57   0:00 
Martin Samuelsson        0  0  0  -1  0   0  1  2  0  0  0/0     8:39   0:23   1:59 
Matt Donovan             0  0  0   0  0   1  0  2  0  0  0/0    15:43   3:28   0:00 
Michael Del Zotto        1  1  2  -1  0   3  1  0  0  1  0/0    19:04   4:16   0:00 
Mike Weber               0  0  0   0  0   0  0  0  0  0  0/0     4:39   0:00   1:47 
Nazem Kadri              0  0  0  -1  0   4  1  1  0  1  20/39  20:10   4:20   0:00 
Nick Bonino              0  0  0  -1  2   0  0  0  0  0  1/5     5:48   0:00   0:00 
Ramzi Abid               0  1  1   1  0   3  0  1  0  0  0/0    11:50   0:00   0:00 
Thomas Hickey            0  0  0   0  0   1  0  1  0  0  0/0    15:43   3:28   0:00 
Tyler Ennis              0  0  0  -1  2   2  1  0  1  1  0/0    19:58   4:20   0:00 
Zach Parise              0  0  0  -2  0   3  2  0  1  0  0/0    20:00   4:08   0:20 

Players Stats for Flyers

Player Name              G  A  P  +/- PIM S  H  SB GA TA FO     MP     PP MP  PK MP  
------------------------------------------------------------------------------------
Brian Lashoff            0  0  0   0  0   0  1  2  0  0  0/0    17:05   0:00   4:45 
Brock Nelson             0  1  1   1  0   1  1  0  0  1  1/1    15:08   0:00   1:48 
Calle Jarnkrok           0  0  0   1  2   2  1  0  0  0  8/13   12:01   0:00   0:00 
Chris Mcallister         0  0  0   0  4   2  0  1  0  0  1/4    14:37   0:00   2:38 
Drew Miller              0  2  2   2  0   1  1  2  0  0  1/2    17:14   2:12   1:49 
J.T. Miller              0  1  1   0  2   2  2  0  1  0  0/0    15:48   0:06   2:16 
Jakub Voracek            2  0  2   2  0   3  1  0  1  0  1/1    14:54   2:12   0:00 
Jeff Carter              0  1  1   2  2   4  2  1  2  0  11/19  16:39   2:11   1:39 
Jeff Woywitka            0  0  0   0  0   2  0  2  0  1  0/0    20:37   1:38   4:45 
Jonathan Ericsson        0  1  1   2  0   4  1  1  1  1  0/0    22:53   1:38   0:48 
Marcus Kruger            1  0  1   0  0   3  1  0  0  0  7/11   15:30   0:07   2:13 
Mats Zuccarello          0  1  1   0  0   1  0  0  1  1  0/0    11:49   0:07   0:00 
Matt Smaby               0  1  1   2  2   3  1  3  2  0  0/0    23:51   0:00   2:24 
Matthew Lombardi         0  0  0   0  0   4  1  0  1  1  6/14   14:22   0:00   4:33 
Nathan Beaulieu          0  0  0   1  0   0  1  0  0  0  0/0    15:50   0:41   1:19 
Oliver Ekman-Larsson     0  0  0   1  0   1  2  0  1  0  0/0    20:02   0:41   2:55 
Ryan Callahan            0  0  0   0  0   1  0  0  0  0  0/0     9:25   0:00   0:00 
Tomas Kubalik            1  0  1   1  0   4  0  0  0  0  0/0    12:02   0:00   0:00 

3 Stars

1 - Jakub Voracek (Phi)
2 - Drew Miller (Phi)
3 - Steve Mason (Phi)

Power Play

Coyotes - 1 on 6 Attempt(s) - 16.67%
Flyers - 0 on 2 Attempt(s) - 0.00%

Penalty Kill

Coyotes - 2 on 2 Attempt(s) - 100.00% - Score 0 goal in Penalty Kill
Flyers - 5 on 6 Attempt(s) - 83.33% - Score 0 goal in Penalty Kill

Team Stat

Coyotes - Hits : 13 - Faceoff Wins : 29 - Blocked Shots : 14 - Penalty Minutes : 4
Flyers - Hits : 16 - Faceoff Wins : 36 - Blocked Shots : 12 - Penalty Minutes : 12

Official

Referees : Unknown
Linesman : Unknown

Game Notes

No Game Note

Finance

Level 1 -- Attendance: 4019 (66.98%) -- Ticket Income $502,375
Level 2 -- Attendance: 4095 (81.90%) -- Ticket Income $307,125
Level 3 -- Attendance: 1535 (76.75%) -- Ticket Income $76,750
Level 4 -- Attendance: 2442 (61.05%) -- Ticket Income $97,680
Luxury Box -- Attendance: 910 (91.00%) -- Ticket Income $163,800
Game was played at the Wells Fargo Center.
Total Attendance: 13001 (72.23%)
Total Ticket Income: $1,147,730
Other Income: $172,160
Total Income: $1,319,890

Coyotes

5 vs 5 Forward 
   Center                   Left Wing                Right Wing               Time % Phy DF OF 
 1 Nazem Kadri              Tyler Ennis              Marian Gaborik           40     0   2  3  
 2 Brad Richards            Zach Parise              Chris Stewart            30     0   2  3  
 3 Jamie Arniel             Ramzi Abid               Evgeny Artyukhin         20     1   2  2  
 4 Nick Bonino              Martin Samuelsson        Marian Gaborik           10     1   2  2  

5 vs 5 Defense 
   Defense                  Defense                                           Time % Phy DF OF 
 1 Kristopher Letang        Anton Stralman                                    40     0   3  2  
 2 Andrew MacDonald         Michael Del Zotto                                 30     0   3  2  
 3 Matt Donovan             Thomas Hickey                                     22     0   3  2  
 4 Mike Weber               Kristopher Letang                                 8      0   3  2  

PowerPlay Forward 
   Center                   Left Wing                Right Wing               Time % Phy DF OF 
 1 Nazem Kadri              Tyler Ennis              Marian Gaborik           60     0   1  4  
 2 Brad Richards            Zach Parise              Chris Stewart            40     0   1  4  

PowerPlay Defense
   Defense                  Defense                                           Time % Phy DF OF 
 1 Kristopher Letang        Michael Del Zotto                                 60     0   2  3  
 2 Thomas Hickey            Matt Donovan                                      40     0   2  3  

Penalty Kill 4 Players Forward 
   Center                   Wing                     Time % Phy DF OF 
 1 Jamie Arniel             Martin Samuelsson        60     1   3  1  
 2 Brad Richards            Zach Parise              40     1   3  1  

Penalty Kill 4 Players Defense
   Defense                  Defense                  Time % Phy DF OF 
 1 Andrew MacDonald         Mike Weber               60     1   4  0  
 2 Kristopher Letang        Anton Stralman           40     1   4  0  

Penalty Kill - 3 Players Forward 
   Forward                                           Time % Phy DF OF 
 1 Tyler Ennis                                       60     1   3  1  
 2 Zach Parise                                       40     1   3  1  

Penalty Kill - 3 Players Defense
   Defense                  Defense                  Time % Phy DF OF 
 1 Kristopher Letang        Anton Stralman           60     1   4  0  
 2 Andrew MacDonald         Michael Del Zotto        40     1   4  0  

4 vs 4 Forward 
   Center                   Wing                     Time % Phy DF OF 
 1 Nazem Kadri              Tyler Ennis              60     0   2  3  
 2 Brad Richards            Marian Gaborik           40     0   2  3  

4 vs 4 Defense
   Defense                  Defense                  Time % Phy DF OF 
 1 Kristopher Letang        Anton Stralman           60     0   3  2  
 2 Andrew MacDonald         Michael Del Zotto        40     0   3  2  

Last Minutes Offensive
   Center                   Left Wing                Right Wing               Defense                  Defense                  
   Nazem Kadri              Tyler Ennis              Marian Gaborik           Kristopher Letang        Michael Del Zotto        

Last Minutes Defensive
   Center                   Left Wing                Right Wing               Defense                  Defense                  
   Brad Richards            Zach Parise              Marian Gaborik           Andrew MacDonald         Anton Stralman           

Goaltenders
Starting : Thomas McCollum          
Backup : Maxime Daigneault        

Extra Forwards
Normal : Martin Samuelsson, Jamie Arniel, Nick Bonino - PP : Jamie Arniel, Evgeny Artyukhin - PK : Tyler Ennis
Extra Defensemen
Normal : Mike Weber, Thomas Hickey, Matt Donovan - PP : Anton Stralman - PK : Thomas Hickey, Mike Weber
Penalty Shots
Tyler Ennis, Marian Gaborik, Zach Parise, Nazem Kadri, Brad Richards

Scratches
Josh Gorges (Left Hand Injury)

Flyers

5 vs 5 Forward 
   Center                   Left Wing                Right Wing               Time % Phy DF OF 
 1 Jeff Carter              Drew Miller              Jakub Voracek            30     0   1  4  
 2 Marcus Kruger            J.T. Miller              Mats Zuccarello          30     0   1  4  
 3 Calle Jarnkrok           Brock Nelson             Tomas Kubalik            30     0   2  3  
 4 Matthew Lombardi         Chris Mcallister         Ryan Callahan            10     1   3  1  

5 vs 5 Defense 
   Defense                  Defense                                           Time % Phy DF OF 
 1 Matt Smaby               Jonathan Ericsson                                 40     1   2  2  
 2 Nathan Beaulieu          Oliver Ekman-Larsson                              30     1   2  2  
 3 Brian Lashoff            Jeff Woywitka                                     20     1   2  2  
 4 Oliver Ekman-Larsson     Jeff Woywitka                                     10     1   2  2  

PowerPlay Forward 
   Center                   Left Wing                Right Wing               Time % Phy DF OF 
 1 Jeff Carter              Drew Miller              Jakub Voracek            60     0   0  5  
 2 Marcus Kruger            J.T. Miller              Mats Zuccarello          40     0   0  5  

PowerPlay Defense
   Defense                  Defense                                           Time % Phy DF OF 
 1 Jonathan Ericsson        Jeff Woywitka                                     60     0   2  3  
 2 Oliver Ekman-Larsson     Nathan Beaulieu                                   40     0   2  3  

Penalty Kill 4 Players Forward 
   Center                   Wing                     Time % Phy DF OF 
 1 Matthew Lombardi         Chris Mcallister         60     0   4  1  
 2 Jeff Carter              Drew Miller              40     0   4  1  

Penalty Kill 4 Players Defense
   Defense                  Defense                  Time % Phy DF OF 
 1 Brian Lashoff            Jeff Woywitka            60     1   4  0  
 2 Matt Smaby               Oliver Ekman-Larsson     40     1   4  0  

Penalty Kill - 3 Players Forward 
   Forward                                           Time % Phy DF OF 
 1 Matthew Lombardi                                  60     0   4  1  
 2 Jeff Carter                                       40     0   4  1  

Penalty Kill - 3 Players Defense
   Defense                  Defense                  Time % Phy DF OF 
 1 Brian Lashoff            Jeff Woywitka            60     1   4  0  
 2 Matt Smaby               Oliver Ekman-Larsson     40     1   4  0  

4 vs 4 Forward 
   Center                   Wing                     Time % Phy DF OF 
 1 Jeff Carter              J.T. Miller              60     0   2  3  
 2 Marcus Kruger            Drew Miller              40     0   2  3  

4 vs 4 Defense
   Defense                  Defense                  Time % Phy DF OF 
 1 Jonathan Ericsson        Matt Smaby               60     0   3  2  
 2 Nathan Beaulieu          Oliver Ekman-Larsson     40     0   3  2  

Last Minutes Offensive
   Center                   Left Wing                Right Wing               Defense                  Defense                  
   Jeff Carter              Drew Miller              Jakub Voracek            Oliver Ekman-Larsson     Jeff Woywitka            

Last Minutes Defensive
   Center                   Left Wing                Right Wing               Defense                  Defense                  
   Matthew Lombardi         Chris Mcallister         Ryan Callahan            Oliver Ekman-Larsson     Jeff Woywitka            

Goaltenders
Starting : Steve Mason              
Backup : Cam Ward                 

Extra Forwards
Normal : Jeff Carter, Chris Mcallister, Drew Miller - PP : Jeff Carter, Drew Miller - PK : Chris Mcallister
Extra Defensemen
Normal : Brian Lashoff, Nathan Beaulieu, Matt Smaby - PP : Brian Lashoff - PK : Nathan Beaulieu, Matt Smaby
Penalty Shots
Jeff Carter, Jakub Voracek, J.T. Miller, Mats Zuccarello, Ryan Callahan

Scratches
Kyle Wellwood (Healthy)

% Time on Ice - Coyotes

Lines # - Real PCT - Wanted PCT - Time Play
Normal Forward
1 - 30% - 40% - 14:23
2 - 33% - 30% - 15:32
3 - 25% - 20% - 11:50
4 - 12% - 10% - 5:49
Normal Defense
1 - 39% - 40% - 18:38
2 - 31% - 30% - 14:47
3 - 24% - 22% - 11:17
4 - 6% - 8% - 2:52
PP Forward
1 - 51% - 60% - 4:20
2 - 49% - 40% - 4:08
PP Defense
1 - 56% - 60% - 4:42
2 - 44% - 40% - 3:46
PK Forward
1 - 86% - 60% - 1:59
2 - 14% - 40% - 0:20
PK Defense
1 - 77% - 60% - 1:47
2 - 23% - 40% - 0:32
PK3 Forward
1 - 0% - 60%
2 - 0% - 40%
PK3 Defense
1 - 0% - 60%
2 - 0% - 40%
44 Forward
1 - 88% - 60% - 1:27
2 - 12% - 40% - 0:12
44 Defense
1 - 90% - 60% - 1:29
2 - 10% - 40% - 0:10
Last Minute Offensive  - 0:00
Last Minute Defensive  - 0:00
Total
Forward - 60:00
Defense - 60:00

% Time on Ice - Flyers

Lines # - Real PCT - Wanted PCT - Time Play
Normal Forward
1 - 30% - 30% - 14:25
2 - 25% - 30% - 11:42
3 - 25% - 30% - 12:02
4 - 20% - 10% - 9:25
Normal Defense
1 - 41% - 40% - 19:36
2 - 30% - 30% - 14:04
3 - 24% - 20% - 11:14
4 - 6% - 10% - 2:40
PP Forward
1 - 95% - 60% - 2:12
2 - 5% - 40% - 0:07
PP Defense
1 - 71% - 60% - 1:38
2 - 29% - 40% - 0:41
PK Forward
1 - 81% - 60% - 6:53
2 - 19% - 40% - 1:35
PK Defense
1 - 66% - 60% - 5:33
2 - 34% - 40% - 2:55
PK3 Forward
1 - 0% - 60%
2 - 0% - 40%
PK3 Defense
1 - 0% - 60%
2 - 0% - 40%
44 Forward
1 - 100% - 60% - 1:39
2 - 0% - 40% - 0:00
44 Defense
1 - 72% - 60% - 1:11
2 - 28% - 40% - 0:28
Last Minute Offensive  - 0:00
Last Minute Defensive  - 0:00
Total
Forward - 60:00
Defense - 60:00

Play-by-Play

1st period


0:01 of 1st period - Nazem Kadri wins face-off versus Jeff Carter in neutral zone.
0:06 of 1st period - Wrist shot by Tyler Ennis.
0:06 of 1st period - Stopped by Steve Mason with a rebound.
0:31 of 1st period - Anton Stralman is hit by J.T. Miller and loses puck.
1:29 of 1st period - Brad Richards is hit by J.T. Miller and loses puck.
2:35 of 1st period - Wrist shot by Brad Richards.
2:35 of 1st period - Stopped by Steve Mason without a rebound.
2:36 of 1st period - Nazem Kadri wins face-off versus Calle Jarnkrok in Flyers zone.
3:09 of 1st period - Snap shot by Kristopher Letang.
3:09 of 1st period - Deflect By Jamie Arniel.
3:09 of 1st period - Stopped by Steve Mason without a rebound.
3:10 of 1st period - Jeff Carter wins face-off versus Jamie Arniel in Flyers zone.
3:33 of 1st period - Wrist shot by Jeff Carter.
3:33 of 1st period - Shot Misses the Net.
3:53 of 1st period - Slapshot by Jakub Voracek.
3:53 of 1st period - Shot Blocked by Kristopher Letang.
4:17 of 1st period - Wrist shot by Ramzi Abid.
4:17 of 1st period - Stopped by Steve Mason without a rebound.
4:18 of 1st period - Calle Jarnkrok wins face-off versus Nazem Kadri in Flyers zone.
4:27 of 1st period - Wrist shot by Nazem Kadri.
4:27 of 1st period - Deflect By Jonathan Ericsson.
4:27 of 1st period - Shot Misses the Net.
4:27 of 1st period - Puck is out of play.
4:28 of 1st period - Nazem Kadri wins face-off versus Calle Jarnkrok in Flyers zone.
4:41 of 1st period - Matt Smaby is hit by Marian Gaborik.
4:59 of 1st period - Snap shot by Tyler Ennis.
4:59 of 1st period - Shot Misses the Net.
5:01 of 1st period - Snap shot by Thomas Hickey.
5:01 of 1st period - Stopped by Steve Mason without a rebound.
5:02 of 1st period - Matthew Lombardi wins face-off versus Marian Gaborik in Flyers zone.
5:07 of 1st period - Slapshot by Oliver Ekman-Larsson.
5:07 of 1st period - Stopped by Thomas McCollum without a rebound.
5:08 of 1st period - Marian Gaborik wins face-off versus Matthew Lombardi in Coyotes zone.
5:19 of 1st period - Snap shot by Nathan Beaulieu.
5:19 of 1st period - Deflect By Matthew Lombardi.
5:19 of 1st period - Shot Misses the Net.
5:19 of 1st period - Puck is out of play.
5:20 of 1st period - Calle Jarnkrok wins face-off versus Nazem Kadri in Coyotes zone.
5:21 of 1st period - Snap shot by Tomas Kubalik.
5:21 of 1st period - Stopped by Thomas McCollum with a rebound.
6:00 of 1st period - Jonathan Ericsson is hit by Brad Richards and loses puck.
6:15 of 1st period - Snap shot by Matthew Lombardi.
6:15 of 1st period - Stopped by Thomas McCollum with a rebound.
6:17 of 1st period - Wrist shot by Ryan Callahan.
6:17 of 1st period - Stopped by Thomas McCollum without a rebound.
6:18 of 1st period - Jeff Carter wins face-off versus Nazem Kadri in Coyotes zone.
6:22 of 1st period - Icing by Kristopher Letang.
6:23 of 1st period - Drew Miller wins face-off versus Nazem Kadri in Coyotes zone.
6:54 of 1st period - Kristopher Letang is hit by Oliver Ekman-Larsson and loses puck.
7:53 of 1st period - Wrist shot by Marian Gaborik.
7:53 of 1st period - Deflect By Jeff Carter.
7:53 of 1st period - Stopped by Steve Mason with a rebound.
8:53 of 1st period - Minor Penalty to Tyler Ennis for Hooking.
8:54 of 1st period - Jeff Carter wins face-off versus Jamie Arniel in Coyotes zone.
9:05 of 1st period - Wrist shot by Jeff Carter.
9:05 of 1st period - Stopped by Thomas McCollum without a rebound.
9:06 of 1st period - Jamie Arniel wins face-off versus Drew Miller in Coyotes zone.
9:14 of 1st period - Off-side.
9:15 of 1st period - Jakub Voracek wins face-off versus Jamie Arniel in neutral zone.
9:20 of 1st period - Snap shot by Jeff Carter.
9:20 of 1st period - Shot Blocked by Martin Samuelsson.
9:22 of 1st period - Slapshot by Jonathan Ericsson.
9:22 of 1st period - Stopped by Thomas McCollum without a rebound.
9:23 of 1st period - Jeff Carter wins face-off versus Jamie Arniel in Coyotes zone.
9:27 of 1st period - Slapshot by Jeff Woywitka.
9:27 of 1st period - Shot Blocked by Martin Samuelsson.
9:29 of 1st period - Slapshot by Jeff Woywitka.
9:29 of 1st period - Shot Misses the Net.
9:31 of 1st period - Slapshot by Jeff Woywitka.
9:31 of 1st period - Stopped by Thomas McCollum without a rebound.
9:32 of 1st period - Jamie Arniel wins face-off versus Jeff Carter in Coyotes zone.
9:47 of 1st period - Wrist shot by Drew Miller.
9:47 of 1st period - Shot Blocked by Andrew MacDonald.
10:43 of 1st period - Off-side.
10:44 of 1st period - Brad Richards wins face-off versus Marcus Kruger in neutral zone.
10:50 of 1st period - Minor Penalty to J.T. Miller for Interference.
10:51 of 1st period - Nazem Kadri wins face-off versus Jeff Carter in Flyers zone.
10:53 of 1st period - Penalty to Tyler Ennis is over, Tyler Ennis is back on ice.
12:50 of 1st period - Penalty to J.T. Miller is over, J.T. Miller is back on ice.
13:12 of 1st period - Snap shot by Brock Nelson.
13:12 of 1st period - Deflect By Tomas Kubalik.
13:12 of 1st period - Stopped by Thomas McCollum without a rebound.
13:13 of 1st period - Jeff Carter wins face-off versus Nick Bonino in Coyotes zone.
13:44 of 1st period - Slapshot by J.T. Miller.
13:44 of 1st period - Stopped by Thomas McCollum with a rebound.
14:20 of 1st period - Slapshot by Matthew Lombardi.
14:20 of 1st period - Stopped by Thomas McCollum without a rebound.
14:21 of 1st period - Matthew Lombardi wins face-off versus Brad Richards in Coyotes zone.
14:51 of 1st period - Backhand shot by Kristopher Letang.
14:51 of 1st period - Stopped by Steve Mason with a rebound.
14:53 of 1st period - Slapshot by Kristopher Letang.
14:53 of 1st period - Stopped by Steve Mason without a rebound.
14:54 of 1st period - Jeff Carter wins face-off versus Nazem Kadri in Flyers zone.
15:03 of 1st period - Wrist shot by Marian Gaborik.
15:03 of 1st period - Shot Blocked by Drew Miller.
15:33 of 1st period - Snap shot by J.T. Miller.
15:33 of 1st period - Shot Misses the Net.
15:35 of 1st period - Slapshot by Jeff Woywitka.
15:35 of 1st period - Shot Blocked by Ramzi Abid.
15:37 of 1st period - Wrist shot by Mats Zuccarello.
15:37 of 1st period - Shot Hit the Post.
15:39 of 1st period - Slapshot by Jeff Woywitka.
15:39 of 1st period - Stopped by Thomas McCollum with a rebound.
15:51 of 1st period - Snap shot by Zach Parise.
15:51 of 1st period - Stopped by Steve Mason without a rebound.
15:52 of 1st period - Calle Jarnkrok wins face-off versus Brad Richards in Flyers zone.
16:03 of 1st period - Wrist shot by Brock Nelson.
16:03 of 1st period - Stopped by Thomas McCollum without a rebound.
16:04 of 1st period - Nazem Kadri wins face-off versus Jeff Carter in Coyotes zone.
16:31 of 1st period - Chris Stewart is hit by Jonathan Ericsson.
17:19 of 1st period - Wrist shot by Drew Miller.
17:19 of 1st period - Shot Misses the Net.
17:59 of 1st period - Nathan Beaulieu is hit by Tyler Ennis and loses puck.
18:35 of 1st period - Drew Miller is hit by Andrew MacDonald and loses puck.
18:50 of 1st period - Marian Gaborik is hit by Matthew Lombardi.
19:04 of 1st period - Nathan Beaulieu is hit by Martin Samuelsson and loses puck.
19:54 of 1st period - Wrist shot by Marian Gaborik.
19:54 of 1st period - Deflect By Matthew Lombardi.
19:54 of 1st period - Shot Misses the Net.
19:54 of 1st period - Puck is out of play.
19:55 of 1st period - Nazem Kadri wins face-off versus Jeff Carter in Flyers zone.
Goals for this period are 0 for Coyotes vs 0 for Flyers.
Shots for this period are 9 for Coyotes vs 12 for Flyers.

2nd period


0:01 of 2nd period - Nazem Kadri wins face-off versus Jeff Carter in neutral zone.
0:12 of 2nd period - Wrist shot by Marian Gaborik.
0:12 of 2nd period - Stopped by Steve Mason without a rebound.
0:13 of 2nd period - Jeff Carter wins face-off versus Nazem Kadri in Flyers zone.
0:54 of 2nd period - Snap shot by Marcus Kruger.
0:54 of 2nd period - Goal by Marcus Kruger - Coyotes : 0 - Flyers : 1.
0:55 of 2nd period - Nazem Kadri wins face-off versus Calle Jarnkrok in neutral zone.
0:57 of 2nd period - Off-side.
0:58 of 2nd period - Calle Jarnkrok wins face-off versus Nazem Kadri in neutral zone.
1:23 of 2nd period - J.T. Miller is hit by Zach Parise and loses puck.
2:50 of 2nd period - Snap shot by Jamie Arniel.
2:50 of 2nd period - Stopped by Steve Mason with a rebound.
2:52 of 2nd period - Snap shot by Evgeny Artyukhin.
2:52 of 2nd period - Shot Misses the Net.
2:54 of 2nd period - Snap shot by Ramzi Abid.
2:54 of 2nd period - Shot Misses the Net.
3:32 of 2nd period - Slapshot by Jonathan Ericsson.
3:32 of 2nd period - Stopped by Thomas McCollum with a rebound.
3:34 of 2nd period - Wrist shot by Matthew Lombardi.
3:34 of 2nd period - Stopped by Thomas McCollum with a rebound.
3:36 of 2nd period - Wrist shot by Chris Mcallister.
3:36 of 2nd period - Stopped by Thomas McCollum with a rebound.
4:24 of 2nd period - Andrew MacDonald is hit by Jeff Carter and loses puck.
5:16 of 2nd period - Minor Penalty to Chris Mcallister for Holding.
5:17 of 2nd period - Matthew Lombardi wins face-off versus Nazem Kadri in Flyers zone.
5:41 of 2nd period - Marcus Kruger is hit by Zach Parise and loses puck.
5:50 of 2nd period - Snap shot by Brad Richards.
5:50 of 2nd period - Stopped by Steve Mason with a rebound.
5:52 of 2nd period - Slapshot by Zach Parise.
5:52 of 2nd period - Stopped by Steve Mason without a rebound.
5:53 of 2nd period - Matthew Lombardi wins face-off versus Nazem Kadri in Flyers zone.
5:58 of 2nd period - Slapshot by Marian Gaborik.
5:58 of 2nd period - Stopped by Steve Mason with a rebound.
6:04 of 2nd period - Snap shot by Nazem Kadri.
6:04 of 2nd period - Stopped by Steve Mason with a rebound.
6:06 of 2nd period - Snap shot by Nazem Kadri.
6:06 of 2nd period - Shot Blocked by Matt Smaby.
7:16 of 2nd period - Penalty to Chris Mcallister is over, Chris Mcallister is back on ice.
7:50 of 2nd period - Off-side.
7:51 of 2nd period - Nick Bonino wins face-off versus Matthew Lombardi in neutral zone.
8:12 of 2nd period - Slapshot by Michael Del Zotto.
8:12 of 2nd period - Shot Blocked by Matt Smaby.
8:58 of 2nd period - Chris Stewart is hit by Nathan Beaulieu.
9:40 of 2nd period - Snap shot by Matthew Lombardi.
9:40 of 2nd period - Stopped by Thomas McCollum without a rebound.
9:41 of 2nd period - Marcus Kruger wins face-off versus Nick Bonino in Coyotes zone.
9:58 of 2nd period - Wrist shot by Mats Zuccarello.
9:58 of 2nd period - Shot Misses the Net.
10:00 of 2nd period - Minor Penalty to Nick Bonino for Slashing.
10:01 of 2nd period - Jeff Carter wins face-off versus Jamie Arniel in Coyotes zone.
10:22 of 2nd period - Minor Penalty to Jeff Carter for Holding.
10:23 of 2nd period - Nazem Kadri wins face-off versus Chris Mcallister in Flyers zone.
10:31 of 2nd period - Off-side.
10:32 of 2nd period - Nazem Kadri wins face-off versus Chris Mcallister in neutral zone.
10:39 of 2nd period - Slapshot by Tyler Ennis.
10:39 of 2nd period - Shot Misses the Net.
10:54 of 2nd period - Wrist shot by Chris Mcallister.
10:54 of 2nd period - Shot Blocked by Nazem Kadri.
10:56 of 2nd period - Snap shot by Chris Mcallister.
10:56 of 2nd period - Stopped by Thomas McCollum without a rebound.
10:57 of 2nd period - Chris Mcallister wins face-off versus Nazem Kadri in Coyotes zone.
10:58 of 2nd period - Snap shot by J.T. Miller.
10:58 of 2nd period - Stopped by Thomas McCollum without a rebound.
10:59 of 2nd period - Nazem Kadri wins face-off versus Chris Mcallister in Coyotes zone.
12:00 of 2nd period - Penalty to Nick Bonino is over, Nick Bonino is back on ice.
12:22 of 2nd period - Penalty to Jeff Carter is over, Jeff Carter is back on ice.
12:32 of 2nd period - Snap shot by Tomas Kubalik.
12:32 of 2nd period - Stopped by Thomas McCollum with a rebound.
12:34 of 2nd period - Snap shot by Nathan Beaulieu.
12:34 of 2nd period - Shot Blocked by Matt Donovan.
12:36 of 2nd period - Snap shot by Tomas Kubalik.
12:36 of 2nd period - Shot Misses the Net.
12:38 of 2nd period - Wrist shot by Nathan Beaulieu.
12:38 of 2nd period - Deflect By Calle Jarnkrok.
12:38 of 2nd period - Stopped by Thomas McCollum without a rebound.
12:39 of 2nd period - Calle Jarnkrok wins face-off versus Nick Bonino in Coyotes zone.
12:50 of 2nd period - Slapshot by Marian Gaborik.
12:50 of 2nd period - Stopped by Steve Mason without a rebound.
12:51 of 2nd period - Marcus Kruger wins face-off versus Nazem Kadri in Flyers zone.
13:04 of 2nd period - Snap shot by J.T. Miller.
13:04 of 2nd period - Shot Misses the Net.
13:06 of 2nd period - Wrist shot by Mats Zuccarello.
13:06 of 2nd period - Deflect By J.T. Miller.
13:06 of 2nd period - Shot Blocked by Marian Gaborik.
13:06 of 2nd period - Puck is out of play.
13:07 of 2nd period - Nazem Kadri wins face-off versus Calle Jarnkrok in Coyotes zone.
14:05 of 2nd period - Snap shot by Marcus Kruger.
14:05 of 2nd period - Stopped by Thomas McCollum without a rebound.
14:06 of 2nd period - Calle Jarnkrok wins face-off versus Brad Richards in Coyotes zone.
14:11 of 2nd period - Slapshot by Brock Nelson.
14:11 of 2nd period - Shot Misses the Net.
14:17 of 2nd period - Snap shot by Tomas Kubalik.
14:17 of 2nd period - Shot Blocked by Anton Stralman.
14:19 of 2nd period - Slapshot by Oliver Ekman-Larsson.
14:19 of 2nd period - Shot Blocked by Kristopher Letang.
14:21 of 2nd period - Wrist shot by Calle Jarnkrok.
14:21 of 2nd period - Stopped by Thomas McCollum with a rebound.
15:31 of 2nd period - Calle Jarnkrok is hit by Michael Del Zotto and loses puck.
15:48 of 2nd period - Slapshot by Michael Del Zotto.
15:48 of 2nd period - Deflect By Marcus Kruger.
15:48 of 2nd period - Goal by Michael Del Zotto - Coyotes : 1 - Flyers : 1.
15:49 of 2nd period - Jeff Carter wins face-off versus Nazem Kadri in neutral zone.
15:52 of 2nd period - Wrist shot by Jakub Voracek.
15:52 of 2nd period - Shot Misses the Net.
15:54 of 2nd period - Slapshot by Matt Smaby.
15:54 of 2nd period - Deflect By Jeff Carter.
15:54 of 2nd period - Stopped by Thomas McCollum with a rebound.
15:56 of 2nd period - Slapshot by Matt Smaby.
15:56 of 2nd period - Stopped by Thomas McCollum without a rebound.
15:57 of 2nd period - Nazem Kadri wins face-off versus Jeff Carter in Coyotes zone.
16:38 of 2nd period - Snap shot by Jakub Voracek.
16:38 of 2nd period - Shot Misses the Net.
16:40 of 2nd period - Snap shot by Jakub Voracek.
16:40 of 2nd period - Shot Blocked by Kristopher Letang.
16:46 of 2nd period - Snap shot by Jakub Voracek.
16:46 of 2nd period - Stopped by Thomas McCollum with a rebound.
16:48 of 2nd period - Snap shot by Jeff Carter.
16:48 of 2nd period - Shot Misses the Net.
16:50 of 2nd period - Wrist shot by Matt Smaby.
16:50 of 2nd period - Shot Blocked by Anton Stralman.
17:00 of 2nd period - Snap shot by Jakub Voracek.
17:00 of 2nd period - Goal by Jakub Voracek - Coyotes : 1 - Flyers : 2.
17:01 of 2nd period - Brad Richards wins face-off versus Marcus Kruger in neutral zone.
17:47 of 2nd period - Slapshot by Thomas Hickey.
17:47 of 2nd period - Shot Misses the Net.
17:53 of 2nd period - Snap shot by Marian Gaborik.
17:53 of 2nd period - Shot Blocked by Jeff Woywitka.
17:58 of 2nd period - Icing by Jeff Woywitka.
17:59 of 2nd period - Chris Stewart wins face-off versus Matthew Lombardi in Flyers zone.
18:04 of 2nd period - Wrist shot by Zach Parise.
18:04 of 2nd period - Shot Misses the Net.
18:50 of 2nd period - Zach Parise is hit by Brian Lashoff and loses puck.
19:09 of 2nd period - Wrist shot by Chris Stewart.
19:09 of 2nd period - Shot Misses the Net.
19:41 of 2nd period - Snap shot by Chris Stewart.
19:41 of 2nd period - Stopped by Steve Mason with a rebound.
Goals for this period are 1 for Coyotes vs 2 for Flyers.
Shots for this period are 9 for Coyotes vs 15 for Flyers.

3rd period


0:01 of 3rd period - Marcus Kruger wins face-off versus Nazem Kadri in neutral zone.
0:14 of 3rd period - Wrist shot by Mats Zuccarello.
0:14 of 3rd period - Stopped by Thomas McCollum with a rebound.
0:16 of 3rd period - Slapshot by Matt Smaby.
0:16 of 3rd period - Stopped by Thomas McCollum without a rebound.
0:17 of 3rd period - Calle Jarnkrok wins face-off versus Brad Richards in Coyotes zone.
0:26 of 3rd period - Slapshot by Jonathan Ericsson.
0:26 of 3rd period - Stopped by Thomas McCollum with a rebound.
0:28 of 3rd period - Slapshot by Matt Smaby.
0:28 of 3rd period - Deflect By Zach Parise.
0:28 of 3rd period - Stopped by Thomas McCollum without a rebound.
0:29 of 3rd period - Nazem Kadri wins face-off versus Calle Jarnkrok in Coyotes zone.
0:29 of 3rd period - Nazem Kadri is hit by Brock Nelson.
0:56 of 3rd period - Calle Jarnkrok is hit by Kristopher Letang and loses puck.
1:01 of 3rd period - Slapshot by Jamie Arniel.
1:01 of 3rd period - Shot Misses the Net.
1:19 of 3rd period - Slapshot by Jonathan Ericsson.
1:19 of 3rd period - Stopped by Thomas McCollum without a rebound.
1:20 of 3rd period - Nazem Kadri wins face-off versus Marcus Kruger in Coyotes zone.
1:20 of 3rd period - Nazem Kadri is hit by Marcus Kruger.
1:36 of 3rd period - Snap shot by Marcus Kruger.
1:36 of 3rd period - Stopped by Thomas McCollum with a rebound.
2:05 of 3rd period - Wrist shot by Chris Stewart.
2:05 of 3rd period - Stopped by Steve Mason with a rebound.
2:26 of 3rd period - Off-side.
2:27 of 3rd period - Marcus Kruger wins face-off versus Nazem Kadri in neutral zone.
2:52 of 3rd period - Zach Parise is hit by Matt Smaby and loses puck.
3:03 of 3rd period - Snap shot by Tomas Kubalik.
3:03 of 3rd period - Goal by Tomas Kubalik - Coyotes : 1 - Flyers : 3.
3:04 of 3rd period - Nazem Kadri wins face-off versus Marcus Kruger in neutral zone.
3:17 of 3rd period - Slapshot by Marian Gaborik.
3:17 of 3rd period - Deflect By Nazem Kadri.
3:17 of 3rd period - Stopped by Steve Mason with a rebound.
3:31 of 3rd period - Kristopher Letang is hit by Jeff Carter and loses puck.
3:36 of 3rd period - Wrist shot by Jeff Carter.
3:36 of 3rd period - Shot Misses the Net.
3:54 of 3rd period - Slapshot by Anton Stralman.
3:54 of 3rd period - Shot Misses the Net.
4:00 of 3rd period - Evgeny Artyukhin is hit by Oliver Ekman-Larsson and loses puck.
4:15 of 3rd period - Icing by Jeff Woywitka.
4:16 of 3rd period - Nazem Kadri wins face-off versus Matthew Lombardi in Flyers zone.
4:20 of 3rd period - Minor Penalty to Chris Mcallister for Roughing.
4:21 of 3rd period - Matthew Lombardi wins face-off versus Nazem Kadri in Flyers zone.
4:21 of 3rd period - Matthew Lombardi is hit by Nazem Kadri.
4:31 of 3rd period - Snap shot by Nazem Kadri.
4:31 of 3rd period - Stopped by Steve Mason with a rebound.
6:20 of 3rd period - Penalty to Chris Mcallister is over, Chris Mcallister is back on ice.
6:51 of 3rd period - Slapshot by Thomas Hickey.
6:51 of 3rd period - Shot Blocked by Matt Smaby.
7:37 of 3rd period - Snap shot by Jamie Arniel.
7:37 of 3rd period - Stopped by Steve Mason without a rebound.
7:38 of 3rd period - Marian Gaborik wins face-off versus Jeff Carter in Flyers zone.
7:51 of 3rd period - Nazem Kadri is hit by Jakub Voracek and loses puck.
8:08 of 3rd period - Jakub Voracek is hit by Chris Stewart and loses puck.
9:25 of 3rd period - Backhand shot by Drew Miller.
9:25 of 3rd period - Shot Misses the Net.
9:27 of 3rd period - Slapshot by Jakub Voracek.
9:27 of 3rd period - Goal by Jakub Voracek - Coyotes : 1 - Flyers : 4.
9:28 of 3rd period - Matthew Lombardi wins face-off versus Brad Richards in neutral zone.
9:37 of 3rd period - Snap shot by Chris Stewart.
9:37 of 3rd period - Shot Blocked by Chris Mcallister.
9:39 of 3rd period - Slapshot by Zach Parise.
9:39 of 3rd period - Shot Misses the Net.
10:18 of 3rd period - Slapshot by Jeff Woywitka.
10:18 of 3rd period - Shot Blocked by Thomas Hickey.
11:35 of 3rd period - Icing by Jonathan Ericsson.
11:36 of 3rd period - Nazem Kadri wins face-off versus Matthew Lombardi in Flyers zone.
11:45 of 3rd period - Snap shot by Nazem Kadri.
11:45 of 3rd period - Stopped by Steve Mason with a rebound.
12:15 of 3rd period - Minor Penalty to Matt Smaby for Tripping.
12:16 of 3rd period - Nazem Kadri wins face-off versus Matthew Lombardi in Flyers zone.
12:17 of 3rd period - Wrist shot by Tyler Ennis.
12:17 of 3rd period - Stopped by Steve Mason without a rebound.
12:18 of 3rd period - Nazem Kadri wins face-off versus Matthew Lombardi in Flyers zone.
12:25 of 3rd period - Wrist shot by Marian Gaborik.
12:25 of 3rd period - Shot Misses the Net.
12:49 of 3rd period - Snap shot by Zach Parise.
12:49 of 3rd period - Stopped by Steve Mason with a rebound.
12:51 of 3rd period - Slapshot by Michael Del Zotto.
12:51 of 3rd period - Shot Blocked by Jeff Woywitka.
12:53 of 3rd period - Snap shot by Michael Del Zotto.
12:53 of 3rd period - Stopped by Steve Mason without a rebound.
12:54 of 3rd period - Jeff Carter wins face-off versus Nazem Kadri in Flyers zone.
13:25 of 3rd period - Wrist shot by Brad Richards.
13:25 of 3rd period - Shot Misses the Net.
14:15 of 3rd period - Penalty to Matt Smaby is over, Matt Smaby is back on ice.
14:23 of 3rd period - Snap shot by Ramzi Abid.
14:23 of 3rd period - Shot Misses the Net.
14:25 of 3rd period - Wrist shot by Jamie Arniel.
14:25 of 3rd period - Shot Misses the Net.
14:27 of 3rd period - Wrist shot by Ramzi Abid.
14:27 of 3rd period - Deflect By Evgeny Artyukhin.
14:27 of 3rd period - Stopped by Steve Mason with a rebound.
14:33 of 3rd period - Snap shot by Ramzi Abid.
14:33 of 3rd period - Deflect By Jamie Arniel.
14:33 of 3rd period - Stopped by Steve Mason without a rebound.
14:34 of 3rd period - Calle Jarnkrok wins face-off versus Brad Richards in Flyers zone.
14:59 of 3rd period - Snap shot by Ramzi Abid.
14:59 of 3rd period - Shot Misses the Net.
15:01 of 3rd period - Slapshot by Thomas Hickey.
15:01 of 3rd period - Shot Blocked by Jeff Carter.
15:03 of 3rd period - Slapshot by Matt Donovan.
15:03 of 3rd period - Stopped by Steve Mason with a rebound.
15:05 of 3rd period - Snap shot by Matt Donovan.
15:05 of 3rd period - Deflect By Ramzi Abid.
15:05 of 3rd period - Stopped by Steve Mason without a rebound.
15:06 of 3rd period - Marcus Kruger wins face-off versus Nazem Kadri in Flyers zone.
15:57 of 3rd period - Slapshot by Michael Del Zotto.
15:57 of 3rd period - Shot Blocked by Drew Miller.
15:59 of 3rd period - Slapshot by Andrew MacDonald.
15:59 of 3rd period - Shot Blocked by Jonathan Ericsson.
16:01 of 3rd period - Wrist shot by Evgeny Artyukhin.
16:01 of 3rd period - Stopped by Steve Mason with a rebound.
16:03 of 3rd period - Snap shot by Ramzi Abid.
16:03 of 3rd period - Stopped by Steve Mason without a rebound.
16:04 of 3rd period - Marcus Kruger wins face-off versus Nazem Kadri in Flyers zone.
16:04 of 3rd period - Marcus Kruger is hit by Marian Gaborik.
17:14 of 3rd period - Matthew Lombardi is hit by Marian Gaborik and loses puck.
18:06 of 3rd period - Jamie Arniel is hit by Calle Jarnkrok and loses puck.
18:18 of 3rd period - Off-side.
18:19 of 3rd period - Jeff Carter wins face-off versus Brad Richards in neutral zone.
18:28 of 3rd period - Wrist shot by Jeff Carter.
18:28 of 3rd period - Stopped by Thomas McCollum with a rebound.
18:30 of 3rd period - Wrist shot by Jeff Carter.
18:30 of 3rd period - Stopped by Thomas McCollum with a rebound.
18:32 of 3rd period - Backhand shot by Jeff Woywitka.
18:32 of 3rd period - Shot Misses the Net.
18:34 of 3rd period - Wrist shot by Jeff Woywitka.
18:34 of 3rd period - Shot Misses the Net.
18:36 of 3rd period - Snap shot by Drew Miller.
18:36 of 3rd period - Shot Misses the Net.
18:38 of 3rd period - Wrist shot by Drew Miller.
18:38 of 3rd period - Stopped by Thomas McCollum without a rebound.
18:39 of 3rd period - Marcus Kruger wins face-off versus Nazem Kadri in Coyotes zone.
18:55 of 3rd period - Slapshot by J.T. Miller.
18:55 of 3rd period - Shot Blocked by Matt Donovan.
19:05 of 3rd period - Nazem Kadri is hit by Drew Miller and loses puck.
19:36 of 3rd period - Snap shot by Nazem Kadri.
19:36 of 3rd period - Shot Blocked by Brian Lashoff.
19:38 of 3rd period - Minor Penalty to Calle Jarnkrok for Roughing.
19:39 of 3rd period - Brad Richards wins face-off versus Matthew Lombardi in Flyers zone.
19:44 of 3rd period - Slapshot by Michael Del Zotto.
19:44 of 3rd period - Deflect By Brian Lashoff.
19:44 of 3rd period - Stopped by Steve Mason with a rebound.
19:46 of 3rd period - Backhand shot by Michael Del Zotto.
19:46 of 3rd period - Shot Misses the Net.
19:48 of 3rd period - Snap shot by Brad Richards.
19:48 of 3rd period - Shot Blocked by Brian Lashoff.
19:50 of 3rd period - Snap shot by Brad Richards.
19:50 of 3rd period - Goal by Brad Richards - Coyotes : 2 - Flyers : 4.
19:51 of 3rd period - Brock Nelson wins face-off versus Nick Bonino in neutral zone.
Goals for this period are 1 for Coyotes vs 2 for Flyers.
Shots for this period are 16 for Coyotes vs 11 for Flyers.